 Dungeon Crawl Stone Soup version 0.31-a0-233-g139696dc86 (webtiles) character file.

Game seed: 13761834423409270883

200 qw the Shooter (level 5, 0/45 HPs)
             Began as a Minotaur Hexslinger on July 8, 2023.
             Slain by an ogre
             ... wielding a +0 giant club
              (23 damage)
             ... on level 4 of the Dungeon.
             The game lasted 00:01:05 (2732 turns).

qw the Shooter (Minotaur Hexslinger)                Turns: 2732, Time: 00:01:05

Health: 0/45       AC:  6    Str: 12    XL:     5   Next: 49%
Magic:  5/5        EV: 11    Int: 10    God:
Gold:   194        SH:  0    Dex: 15    Spells: 5/6 levels left

rFire   . . .        Y - +1 sling (freeze)
rCold   . . .        (no shield)
rNeg    . . .        f - +0 ring mail
rPois   .            (helmet restricted)
rElec   .            c - +0 cloak
rCorr   .            (no gloves)
SInv    .            (no boots)
Will    .....        (no amulet)
Stlth   +            (no ring)
HPRegen 0.27/turn    (no ring)
MPRegen 0.09/turn

%: no passive effects
@: no status effects
A: horns 2, retaliatory headbutt
a: no special abilities


You were on level 4 of the Dungeon.
You visited 1 branch of the dungeon, and saw 4 of its levels.

You collected 194 gold pieces.


Innate Abilities, Weirdness & Mutations

You have a pair of horns on your head.
You reflexively headbutt those who attack you in melee.


   Skills:
 - Level 3.0 Fighting
 + Level 5.7 Ranged Weapons
 - Level 1.0 Armour
 - Level 2.1 Dodging
 - Level 1.0 Spellcasting
 - Level 2.0 Hexes


You had 5 spell levels left.
You knew the following spells:

 Your Spells              Type           Power      Damage    Failure   Level
a - Slow                  Hex            16%        N/A       34%         1

Your spell library contained the following spells:

 Spells                   Type           Power      Damage    Failure   Level
 Inner Flame              Hex/Fire       2%         N/A       83%         3
 Portal Projectile        Hex/Tloc       4%         N/A       83%         3
 Cause Fear               Hex            2%         N/A       98%         4

Inventory:

Hand Weapons
 Y - a +1 sling of freezing (weapon)
Armour
 c - a +0 cloak (worn)
 f - a +0 ring mail (worn)
Jewellery
 k - a ring of willpower
Scrolls
 e - a scroll of torment {unknown}
 g - a scroll of immolation {unknown}
 i - a scroll of teleportation
 j - a scroll of identify
Potions
 a - a potion of berserk rage {unknown}
 b - a potion of heal wounds {unknown}
 d - a potion of curing
 h - a potion of ambrosia {unknown}

Dungeon Overview and Level Annotations

Branches:
Dungeon (4/15)
 Temple: D:4-7

Altars:
Qazlal
Wu Jian


Message History

Enter note:
k - a ring of willpower
Enter note:
Enter note:
Enter note:
Enter note:
Enter note:
Enter note:
Enter note:
Enter note:
Enter note: You now have 194 gold pieces (gained 12).
There is a stone staircase leading down here.
An adder and an ogre come into view.
The adder hisses angrily.
Enter note:
Enter note:
Enter note:
Enter note:
Enter note:
Enter note:
Enter note:
Enter note:
Enter note: You shoot a sling bullet.
The sling bullet closely misses the ogre.
You shoot a sling bullet. The sling bullet hits the ogre.
The sling bullet freezes the ogre.
The ogre is moderately wounded.
The ogre barely misses you. You furiously retaliate!
You headbutt the ogre! You shoot a sling bullet.
The sling bullet hits the ogre.
The sling bullet freezes the ogre.
The ogre is severely wounded.
The ogre hits you with a +0 giant club!!
You shoot a sling bullet.
The sling bullet barely misses the ogre.
The adder bites you but does no damage.
The ogre hits you with a +0 giant club!!
Ouch! That really hurt!
You die...

### ............... ..#
............... #.##
..?.........?.. #...
............... ....
........... #####..
....... ...... #OS.#
..### #@# ....# ##.#
.##.# #..# ###.#######
#.## ..........## #.#
.#.........# #.#
.########..####.#######
..#######..>...........
#......###...........(.


You could see an ogre and an adder.

Vanquished Creatures
  2 orc priests (D:3)
  5 adders
  An ufetubus (D:4)
  2 worms (D:2)
  A dart slug (D:1)
  6 orcs (D:3)
  7 ball pythons
  6 bats
  10 endoplasms
  2 giant cockroaches
  9 goblins
  7 hobgoblins
  2 jackals (D:1)
  2 quokkas
  2 frilled lizards (D:1)
  6 kobolds
  4 rats
74 creatures vanquished.

Notes
Turn   | Place    | Note
-------+----------+-------------------------------------------
     0 | D:1      | qw the Minotaur Hexslinger began the quest for the Orb.
     0 | D:1      | Reached XP level 1. HP: 16/16 MP: 1/1
     0 | D:1      | 0 ||| qw: Version: 0.3-a-46-gb1f654a
     0 | D:1      | 0 ||| qw: Game counter: 3431
     0 | D:1      | 0 ||| qw: Melee chars always use a shield: true
     0 | D:1      | 0 ||| qw: God list: Okawaru
     0 | D:1      | 0 ||| qw: Allow faded altars: false
     0 | D:1      | 0 ||| qw: Do Orc after clearing Dungeon:15 true
     0 | D:1      | 0 ||| qw: Do second Lair branch before Depths: true
     0 | D:1      | 0 ||| qw: Lair rune preference: random
     0 | D:1      | 0 ||| qw: Goals: Normal
     0 | D:1      | 0 ||| PLANNING D:1-11
    93 | D:1      | Reached skill level 3 in Ranged Weapons
    97 | D:1      | Reached XP level 2. HP: 23/23 MP: 2/2
   529 | D:1      | Reached XP level 3. HP: 20/29 MP: 3/3
   764 | D:1      | 764 ||| UPGRADING to +0 ring mail.
   774 | D:1      | 774 ||| DROPPING +0 robe.
   775 | D:1      | 775 ||| READING scroll labelled QUAXIU GIMAE.
   776 | D:1      | 776 ||| READING scroll labelled CYCENIE MAOLLA.
   777 | D:1      | 777 ||| READING scroll labelled XUABBI SERORO.
   782 | D:1      | 782 ||| READING scroll labelled TEDOOS XAKHAUK.
   783 | D:1      | 783 ||| DRINKING 2 golden potions.
   784 | D:1      | 784 ||| DROPPING scroll of poison.
   921 | D:2      | Reached skill level 4 in Ranged Weapons
   986 | D:2      | HP: 1/29 [worm (8)]
  1199 | D:2      | Reached skill level 1 in Armour
  1576 | D:2      | 1576 ||| UPGRADING to +0 cloak.
  1581 | D:2      | 1581 ||| READING scroll labelled VAACYPN XOSO.
  1616 | D:3      | Reached XP level 4. HP: 36/36 MP: 4/4
  1874 | D:3      | Found a stormy altar of Qazlal.
  1913 | D:3      | 1913 ||| Stepping ~*~*~tactically~*~*~ (outnumbered).
  1918 | D:3      | Reached skill level 5 in Ranged Weapons
  1938 | D:3      | Reached XP level 5. HP: 34/41 MP: 5/5
  2359 | D:3      | 2359 ||| READING scroll labelled DILIHU ENLIO.
  2360 | D:3      | 2360 ||| READING scroll labelled NIYRCH VUITTITZ.
  2377 | D:4      | 2377 ||| STAIRDANCE
  2401 | D:4      | 2401 ||| STAIRDANCE
  2404 | D:3      | Reached skill level 3 in Fighting
  2542 | D:4      | Found an ornate altar of the Wu Jian Council.
  2728 | D:4      | Noticed an ogre
  2732 | D:4      | Slain by an ogre

Levels and vault maps discovered:
D:1:      heliophobic_arrival_glass_houses, layout_basic, st_stairs_9
D:2:      cheibrodos_old_hovel, layout_basic
D:3:      layout_basic, mainiacjoe_overflow_alcove_4
D:4:      layout_rooms, nzn_wu_jian_contemplation

Skill      XL: |  1  2  3  4  5 |
---------------+----------------+-----
Ranged Weapons | 3 4 5 |  5.7
Fighting       | 2 3 |  3.0
Armour         | 1 |  1.0
Dodging        | |  2.1
Spellcasting   | |  1.0
Hexes          | |  2.0

Action                     |  1- 3 |  4- 6 || total
---------------------------+-------+-------++-------
   Fire: Sling             |   133 |    97 ||   230
    Use: Scroll            |     5 |     2 ||     7
         Potion            |     1 |       ||     1
 Armour: Robe              |     9 |       ||     9
         Ring mail         |    12 |    30 ||    42
  Dodge: Dodged            |    39 |    54 ||    93

Table legend:
 A = Non-vault XP
 B = Vault XP
 C = Vault XP percentage of total XP
 D = Non-vault monster count
 E = Vault monster count
 F = Vault count percentage of total count
                 A         B        C        D         E       F
            +---------+---------+-------+---------+---------+-------
      Total |     282 |       5 |   1.7 |      70 |       4 |   5.4
            +---------+---------+-------+---------+---------+-------
        D:1 |      40 |       4 |   9.1 |      23 |       3 |  11.5
        D:2 |      47 |       1 |   2.1 |      18 |       1 |   5.3
        D:3 |     149 |       0 |   0.0 |      20 |       0 |   0.0
        D:4 |      46 |       0 |   0.0 |       9 |       0 |   0.0
            +---------+---------+-------+---------+---------+-------
